 Dungeon Crawl Stone Soup version 0.29.1 (webtiles) character file.

Game seed: 1957076526645143696

913 qw the Chopper (level 8, -1/48 HPs)
             Began as a Gargoyle Fighter on Sept 13, 2022.
             Slain by a yak (11 damage)
             ... on level 5 of the Dungeon.
             The game lasted 00:01:15 (3766 turns).

qw the Chopper (Gargoyle Fighter)                   Turns: 3766, Time: 00:01:15

Health: -1/48      AC: 22    Str: 21    XL:     8   Next: 9%
Magic:  8/8        EV:  5    Int:  8    God:
Gold:   271        SH:  4    Dex:  9    Spells: 7/7 levels left

rFire   . . .      SeeInvis .   Y - +2 war axe
rCold   . . .      Faith    .   c - +0 buckler
rNeg    + . .      Spirit   .   m - +0 plate armour
rPois   inf        Reflect  .   (helmet restricted)
rElec   +          Harm     .   a - +0 cloak
rCorr   .          Rampage  .   (no gloves)
Will    .....                   (no boots)
Stlth   ..........              g - amulet of the acrobat
HPRegen 0.16/turn               h - +4 ring of protection
MPRegen 0.11/turn               (no ring)

@: no status effects
A: sickness immunity, AC +5, negative energy resistance 1, electricity
resistance, torment resistance 1, petrification resistance, antennae 1, dopey 1
a: no special abilities


You were on level 5 of the Dungeon.
You visited 1 branch of the dungeon, and saw 5 of its levels.

You collected 271 gold pieces.


Innate Abilities, Weirdness & Mutations

You are immune to sickness and miasma.
Your stone body is resilient. (AC +5)
You are immune to poison.
You resist negative energy. (rN+)
You are resistant to electric shocks. (rElec)
You are resistant to unholy torment.
You are immune to petrification.
You have a pair of small antennae on your head.
You are dopey. (Int -2)


   Skills:
 + Level 4.1 Fighting
 - Level 7.3 Axes
 - Level 2.5 Throwing
 - Level 4.0 Armour
 - Level 3.2 Shields


You had 7 spell levels left.
You didn't know any spells.
Your spell library was empty.

Inventory:

Hand Weapons
 p - a +0 morningstar
 Y - a +2 war axe (weapon)
Missiles
 l - a boomerang (quivered)
 n - 2 javelins
Armour
 a - a +0 cloak (worn)
 c - a +0 buckler (worn)
 m - a +0 plate armour (worn)
Jewellery
 g - an amulet of the acrobat (around neck)
 h - a +4 ring of protection (left hand)
Scrolls
 e - 2 scrolls of identify
Potions
 d - a potion of might
 f - 2 potions of attraction
 i - 2 potions of mutation
 j - a potion of haste {unknown}
 k - a potion of resistance {unknown}

Dungeon Overview and Level Annotations

Branches:
Dungeon (5/15)             Temple (0/1) D:4

Altars:


Message History

You hit the yak.
The yak is almost dead.
The yak gores you but does no damage. x2
You slice the yak!!
You kill the yak!
Your Axes skill increases to level 7!
You have reached level 8!
You feel clever.
You hit the yak.
The yak is lightly wounded.
The yak gores you but does no damage.
You hit the yak.
The yak is lightly wounded.
The yak gores you but does no damage.
You barely miss the yak.
The yak is lightly wounded.
The yak gores you but does no damage.
You completely miss the yak.
The yak is lightly wounded.
The yak completely misses you. The yak gores you but does no damage.
You hit the yak.
The yak is lightly wounded.
The yak gores you but does no damage.
You hit the yak.
The yak is moderately wounded.
The yak gores you but does no damage.
You hit the yak but do no damage.
The yak is moderately wounded.
The yak gores you but does no damage.
You hit the yak.
The yak is heavily wounded.
You block the yak's attack.
You barely miss the yak.
The yak is heavily wounded.
The yak gores you but does no damage.
You slash the yak!
The yak is severely wounded.
The yak barely misses you.
You hit the yak but do no damage.
The yak is severely wounded.
The yak gores you!
You die...

#.#.### #.#
###....## #.# .
#.#.#.....# #.#
#.
#.}.#....######<#
#. #............#
#.
##....#########
#. ##.##.##
#.##.###.# #Y@##
#.# ........# #.#
......#.# #(#
.#.##...# #.# # #
### #.#


You could see a yak.

Vanquished Creatures
  Eustachio (D:4)
  3 yaks (D:5)
  A scorpion (D:4)
  A hound (D:3)
  An orc priest (D:4)
  Ijyb (D:4)
  An orc wizard (D:4)
  Natasha (twice) (D:4)
  An iguana (D:4)
  An adder (D:3)
  A white imp (D:5)
  A worm (D:2)
  4 dart slugs
  7 orcs
  6 ball pythons
  7 bats
  2 endoplasms
  4 giant cockroaches
  2 goblins
  8 hobgoblins
  3 jackals (D:2)
  2 quokkas
  4 frilled lizards
  6 kobolds
  5 rats
75 creatures vanquished.

Vanquished Creatures (others)
  2 fungi (D:4)
  5 toadstools (D:4)
7 creatures vanquished.

Grand Total: 82 creatures vanquished

Notes
Turn   | Place    | Note
-------+----------+-------------------------------------------
     0 | D:1      | qw the Gargoyle Fighter began the quest for the Orb.
     0 | D:1      | Reached XP level 1. HP: 14/14 MP: 1/1
     0 | D:1      | 0 ||| qw: Version: 0.1-a-119-g272c26d
     0 | D:1      | 0 ||| qw: Game counter: 11260
     0 | D:1      | 0 ||| qw: Always use a shield: true
     0 | D:1      | 0 ||| qw: God list: Okawaru
     0 | D:1      | 0 ||| qw: Allow faded altars: false
     0 | D:1      | 0 ||| qw: Do Orc after D:15 true
     0 | D:1      | 0 ||| qw: Do second Lair branch before Depths: true
     0 | D:1      | 0 ||| qw: Lair rune preference: random
     0 | D:1      | 0 ||| qw: Plans: Normal, Zot, God:TSO, Crypt, Tomb, Pan,
                  | Slime, Hells, Zig, Abyss, Orb
     0 | D:1      | 0 ||| PLANNING D:1-11
    44 | D:1      | Reached skill level 2 in Axes
   170 | D:1      | 170 ||| Stepping ~*~*~tactically~*~*~ (stealth).
   175 | D:1      | Reached XP level 2. HP: 19/19 MP: 2/2
   191 | D:1      | Found a faded altar of an unknown god.
   405 | D:1      | Reached skill level 3 in Axes
   408 | D:1      | Reached XP level 3. HP: 23/23 MP: 3/3
   755 | D:1      | 755 ||| DROPPING +6 ring of intelligence.
   756 | D:1      | 756 ||| UPGRADING to +4 ring of protection.
   757 | D:1      | 757 ||| READING scroll labelled PUUNAVV ELIC.
   758 | D:1      | 758 ||| DRINKING 2 coppery potions.
   759 | D:1      | 759 ||| DRINKING 2 orange potions.
   760 | D:1      | 760 ||| DRINKING 3 sedimented inky potions.
   760 | D:1      | Gained mutation: You have a pair of small antennae on your
                  | head. [potion of mutation]
   760 | D:1      | Gained mutation: You are dopey. (Int -2) [potion of
                  | mutation]
   761 | D:1      | 761 ||| DROPPING potion of degeneration.
   795 | D:2      | 795 ||| Stepping ~*~*~tactically~*~*~ (stealth).
   798 | D:2      | 798 ||| Stepping ~*~*~tactically~*~*~ (stealth).
   799 | D:2      | 799 ||| Stepping ~*~*~tactically~*~*~ (stealth).
   801 | D:2      | 801 ||| Stepping ~*~*~tactically~*~*~ (stealth).
   993 | D:2      | 993 ||| Stepping ~*~*~tactically~*~*~ (stealth).
   994 | D:2      | 994 ||| Stepping ~*~*~tactically~*~*~ (hiding).
  1541 | D:2      | 1541 ||| UPGRADING to +0 cloak.
  1546 | D:2      | 1546 ||| UPGRADING to amulet of the acrobat.
  1551 | D:2      | 1551 ||| READING scroll labelled NUR MYRHEYLATO.
  1552 | D:2      | 1552 ||| READING scroll labelled SEETWO PEORCH.
  1868 | D:3      | Reached skill level 4 in Axes
  1868 | D:3      | Reached XP level 4. HP: 25/28 MP: 4/4
  2259 | D:3      | 2259 ||| Stepping ~*~*~tactically~*~*~ (stealth).
  2569 | D:3      | 2569 ||| UPGRADING to +0 plate armour.
  2579 | D:3      | 2579 ||| DROPPING +0 scale mail.
  2580 | D:3      | 2580 ||| READING 2 scrolls labelled SUPHOW FAISTEDATH.
  2581 | D:3      | 2581 ||| READING 2 scrolls labelled SOSUCIWETUO.
  2582 | D:3      | 2582 ||| READING scroll of enchant weapon.
  2582 | D:3      | 2582 ||| ENCHANTING +1 war axe.
  2583 | D:3      | 2583 ||| DRINKING 2 pink potions.
  2608 | D:4      | Noticed a scorpion
  2618 | D:4      | Killed a scorpion
  2619 | D:4      | Reached skill level 5 in Axes
  2619 | D:4      | Reached XP level 5. HP: 26/32 MP: 5/5
  2718 | D:4      | Found a staircase to the Ecumenical Temple.
  2741 | D:4      | Noticed Ijyb
  2742 | D:4      | Noticed Natasha
  2749 | D:4      | Paralysed by Ijyb for 5 turns
  2757 | D:4      | Killed Natasha
  2761 | D:4      | HP: 7/33 [Ijyb/+2 dagger of draining (4)]
  2762 | D:4      | 2762 ||| DRINKING potion of curing.
  2762 | D:4      | 2762 ||| (to cure confusion)
  2764 | D:4      | Killed Ijyb
  2765 | D:4      | Reached XP level 6. HP: 14/38 MP: 6/6
  2979 | D:4      | Noticed Eustachio
  2981 | D:4      | 2981 ||| Stepping ~*~*~tactically~*~*~ (hiding).
  3012 | D:4      | Killed Eustachio
  3013 | D:4      | Reached skill level 6 in Axes
  3034 | D:4      | 3034 ||| DROPPING +0 club.
  3111 | D:4      | 3111 ||| Stepping ~*~*~tactically~*~*~ (hiding).
  3125 | D:4      | Reached XP level 7. HP: 43/43 MP: 7/7
  3140 | D:4      | 3140 ||| DROPPING +0 flail.
  3162 | D:4      | Noticed Natasha
  3163 | D:4      | 3163 ||| Stepping ~*~*~tactically~*~*~ (stealth).
  3167 | D:4      | 3167 ||| Stepping ~*~*~tactically~*~*~ (stealth).
  3168 | D:4      | 3168 ||| Stepping ~*~*~tactically~*~*~ (stealth).
  3182 | D:4      | Killed Natasha
  3419 | D:4      | 3419 ||| Stepping ~*~*~tactically~*~*~ (hiding).
  3683 | D:4      | 3683 ||| DROPPING ring of magical power.
  3684 | D:4      | 3684 ||| READING scroll labelled FUUSHI RYXKO.
  3704 | D:5      | Entered Level 5 of the Dungeon
  3727 | D:5      | Noticed a yak
  3727 | D:5      | Noticed a yak
  3727 | D:5      | Noticed a yak
  3727 | D:5      | Noticed a yak
  3727 | D:5      | Noticed a yak
  3738 | D:5      | Killed a yak
  3745 | D:5      | Killed a yak
  3745 | D:5      | HP: 8/43 [yak (5)]
  3751 | D:5      | HP: 6/43 [yak (3)]
  3755 | D:5      | Killed a yak
  3756 | D:5      | Reached skill level 7 in Axes
  3756 | D:5      | Reached XP level 8. HP: 8/48 MP: 8/8
  3766 | D:5      | Slain by a yak

Levels and vault maps discovered:
D:1:      mrwooster_arrival_statue_2, layout_basic,
          nicolae_ecumenical_lake_church, minmay_tripent
D:2:      layout_loops_ring
D:3:      layout_loops_corners
D:4:      layout_basic, minmay_temple_entry_glassed_door, corexii_checkpoint_a,
          minmay_gold_behind_fungi, uniq_natasha, uniq_ijyb, uniq_eustachio
D:5:      layout_loops_ring, grunt_decor_mini_mirrors

Skill      XL: |  1  2  3  4  5  6  7 |
---------------+----------------------+-----
Axes           | 2 3 4 5 6 7 |  7.3
Fighting       | 4 |  4.1
Armour         | 4 |  4.0
Throwing       | 2 |  2.5
Shields        | |  3.2

Action                   |  1- 3 |  4- 6 |  7- 9 || total
-------------------------+-------+-------+-------++-------
Melee: War axe           |   101 |    98 |    62 ||   261
Throw: Boomerang         |       |     5 |       ||     5
  Use: Scroll            |     3 |     3 |     1 ||     7
       Potion            |     3 |     2 |       ||     5
Armor: Scale mail        |    48 |    11 |       ||    59
       Plate armour      |       |   101 |    39 ||   140
Dodge: Dodged            |    47 |    59 |    10 ||   116
Block: Buckler           |    24 |    29 |     4 ||    57

Table legend:
 A = Non-vault XP
 B = Vault XP
 C = Vault XP percentage of total XP
 D = Non-vault monster count
 E = Vault monster count
 F = Vault count percentage of total count
                 A         B        C        D         E       F
            +---------+---------+-------+---------+---------+-------
      Total |    1015 |     290 |  22.2 |      68 |       7 |   9.3
            +---------+---------+-------+---------+---------+-------
        D:1 |      36 |       3 |   7.7 |      20 |       2 |   9.1
        D:2 |      34 |       0 |   0.0 |      17 |       0 |   0.0
        D:3 |      77 |       0 |   0.0 |      13 |       0 |   0.0
        D:4 |     260 |     287 |  52.5 |      14 |       5 |  26.3
        D:5 |     608 |       0 |   0.0 |       4 |       0 |   0.0
            +---------+---------+-------+---------+---------+-------
